 Dungeon Crawl Stone Soup version 0.26.0-16-gc1dbca0489 (webtiles) character file.

Game seed: 16284690489929624065

168 littlecub the Skirmisher (level 5, -3/42 HPs)
             Began as a Demonspawn Gladiator on Jan 21, 2021.
             Slain by Purgy (6 damage)
             ... in a sewer.
             The game lasted 00:08:32 (3198 turns).

littlecub the Skirmisher (Demonspawn Gladiator)     Turns: 3198, Time: 00:08:33

Health: -3/42      AC: 15    Str: 15    XL:     5   Next: 23%
Magic:  5/5        EV:  7    Int: 10    God:
Gold:   159        SH:  0    Dex: 14    Spells: 4/4 levels left

rFire    + . .     SeeInvis .   a - +0 long sword
rCold    x . .     Faith    .   (no shield)
rNeg     . . .     Spirit   .   k - +0 chain mail
rPois    .         Reflect  .   (helmet restricted)
rElec    .         Harm     .   (no cloak)
rCorr    .         Rampage  .   m - +0 pair of gloves
Will     .....                  (no boots)
Stlth    ..........             (no amulet)
HPRegen  0.14/turn              f - ring of fire
MPRegen  0.09/turn              (no ring)

@: sanguine armour
A: antennae 2, powered by pain 1, sanguine armour 1
a: no special abilities


You were in a sewer.
You visited 1 branch of the dungeon, and saw 5 of its levels.
You also visited: Sewer.

You collected 159 gold pieces.

Inventory:

Hand Weapons
 a - a +0 long sword (weapon)
Missiles
 d - 4 throwing nets
 h - 3 atropa-tipped darts (quivered)
Armour
 k - a +0 chain mail (worn)
 m - a +0 pair of gloves (worn)
Jewellery
 f - a ring of fire (left hand)
Scrolls
 b - a scroll of immolation {unknown}
 e - a scroll of random uselessness {unknown}
 i - 2 scrolls of identify
 j - a scroll of enchant armour {unknown}
 l - a scroll of teleportation {unknown}
 n - a scroll of noise
 p - 3 scrolls of remove curse
 u - a scroll of fog {unknown}
Potions
 c - a potion of brilliance {unknown}
 g - a potion of mutation {unknown}
 o - 2 potions of heal wounds {unknown}
 q - 2 potions of lignification {unknown}
 r - a potion of attraction {unknown}
 s - a potion of magic {unknown}


   Skills:
 * Level 3.7 Fighting
 + Level 3.4 Long Blades
 - Level 1.7 Throwing
 + Level 1.7 Armour
 + Level 3.4 Dodging


You had 4 spell levels left.
You didn't know any spells.
Your spell library was empty.

Dungeon Overview and Level Annotations

Branches:
Dungeon (5/15)              Sewer (1/1)
 Temple: D:4-7

Altars:

Annotations:
Sewer Purgy


Innate Abilities, Weirdness & Mutations

You have a pair of antennae on your head.
You sometimes gain a little power by taking damage.
When seriously injured, your bleeding wounds create armour. (AC +6)


Message History

Purgy completely misses you.
You riposte.
You slash Purgy!
Purgy is almost dead.
Purgy claws you but does no damage. x2; Purgy bites you.
* * * LOW HITPOINT WARNING * * *
Purgy closely misses you. x2
You hit Purgy.
Purgy is almost dead.
Purgy bites you but does no damage. Purgy claws you but does no damage. x2
You hit Purgy but do no damage.
Purgy is almost dead.
Purgy barely misses you. Purgy claws you but does no damage. x2
You closely miss Purgy.
Purgy is almost dead.
Purgy bites you.
* * * LOW HITPOINT WARNING * * *
Purgy completely misses you. Purgy claws you but does no damage.
You closely miss Purgy.
Purgy is almost dead.
Purgy bites you.
You die...

#..'.≈≈≈.+{
####.≈≈≈.#
####.≈≈≈.####
#..'..∩....∩#
####.≈≈≈.####
####.≈≈≈.#
#..'.≈≈≈.+
####.≈≈≈.#
#@≈≈≈.#
#).T.≈≈≈.+
####.≈≈≈.#
#.≈≈≈.#
+.≈≈≈.+
####### ≈≈≈#
≈≈≈#


You could see Purgy.

Vanquished Creatures
  6 adders
  An ooze (D:2)
  2 worms (D:2)
  3 dart slugs
  3 leopard geckos
  4 orcs (D:3)
  12 bats
  7 giant cockroaches
  7 goblins
  8 hobgoblins
  7 jackals
  6 kobolds
  3 quokkas (D:2)
  3 ball pythons (D:4)
  4 frilled lizards
  17 rats
93 creatures vanquished.

Notes
Turn   | Place    | Note
-------+----------+-------------------------------------------
     0 | D:1      | littlecub the Demonspawn Gladiator began the quest for the
                  | Orb.
     0 | D:1      | Reached XP level 1. HP: 16/16 MP: 1/1
   326 | D:1      | Gained mutation: You have a pair of small antennae on your
                  | head. [demonic ancestry]
   326 | D:1      | Reached XP level 2. HP: 22/23 MP: 2/2
   641 | D:1      | Gained mutation: You have a pair of antennae on your head.
                  | [demonic ancestry]
   641 | D:1      | Reached XP level 3. HP: 15/28 MP: 3/3
  1123 | D:2      | Reached skill level 1 in Armour
  1499 | D:2      | Gained mutation: You sometimes gain a little power by
                  | taking damage. [demonic ancestry]
  1499 | D:2      | Reached XP level 4. HP: 27/35 MP: 4/4
  2313 | D:3      | Gained mutation: When seriously injured, your bleeding
                  | wounds create armour. (AC +6) [demonic ancestry]
  2313 | D:3      | Reached XP level 5. HP: 32/41 MP: 5/5
  2983 | D:3      | You fall into a shaft and drop 2 floors!
  2983 | D:5      | Entered Level 5 of the Dungeon
  3099 | D:4      | Found a glowing drain.
  3130 | Sewer    | Entered a sewer
  3166 | Sewer    | Noticed Purgy
  3198 | Sewer    | Slain by Purgy

Illustrated notes

Levels and vault maps discovered:
D:1:      dpeg_arrival_tiny_a, layout_basic
D:2:      layout_loops_ring
D:3:      layout_basic, nicolae_ru_path_of_blood, roderic_roman_lattice,
          kennysheep_boxes
D:4:      layout_loops_ring, nzn_hepliaklqana_mist_gate, portal_sewer_entry_b,
          chequers_arboretum, tgw_sif, uniq_duvessa
D:5:      layout_cave_pods, makhleb_heckhound_becter, uniq_menkaure
Sewer:    kennysheep_door_sewer

Skill      XL: |  1  2  3 |
---------------+----------+-----
Dodging        | 3 |  3.4
Long Blades    | 3 |  3.4
Armour         | 1 |  1.7
Fighting       | 3 |  3.7
Throwing       | |  1.7

Action                   |  1- 3 |  4- 6 || total
-------------------------+-------+-------++-------
Melee: Long sword        |   116 |   198 ||   314
  Use: Potion            |     1 |       ||     1
       Scroll            |       |     2 ||     2
Armor: Leather armour    |    21 |       ||    21
       Chain mail        |    52 |   195 ||   247
Dodge: Dodged            |    84 |   122 ||   206
       Rpst.: Long sword |    32 |    31 ||    63
